 Dungeon Crawl Stone Soup version 0.24-a0-282-g1a68c91 (webtiles) character file.

Game seed: 7413621589331317639

430 Ijustatesigmund the Cudgeler (level 6, 0/45 HPs)
             Began as an Octopode Fighter on May 3, 2019.
             Killed from afar by a goblin (11 damage)
             ... with a puff of flame
             ... on level 3 of the Dungeon.
             The game lasted 00:05:22 (3127 turns).

Ijustatesigmund the Cudgeler (Octopode Fighter)     Turns: 3127, Time: 00:05:24

Health: 0/45       AC:  1    Str: 15    XL:     6   Next: 99%
Magic:  6/6        EV: 12    Int: 11    God:
Gold:   144        SH:  9    Dex: 13    Spells: 5/5 levels left

rFire    . . .     SeeInvis .   a - +0 flail
rCold    . . .     Gourm    .   b - +0 shield
rNeg     . . .     Faith    .   (helmet restricted)
rPois    .         Spirit   .   (no amulet)
rElec    .         Reflect  .   (no ring)
rCorr    .         Harm     .   (no ring)
MR       .....                  (no ring)
Stlth    ++........             (no ring)
HPRegen  0.15/turn              (no ring)
MPRegen  0.10/turn              (no ring)
                                (no ring)
                                (no ring)

@: no status effects
A: almost no armour, stealthy swim, amphibious, 8 rings, constrict 8, camouflage
1, gelatinous body 1
a: no special abilities


You were on level 3 of the Dungeon.
You were hungry.

You visited 1 branch of the dungeon, and saw 4 of its levels.

You collected 144 gold pieces.

Inventory:

Hand Weapons
 a - a +0 flail (weapon)
Armour
 b - a +0 shield (worn)
Wands
 l - a wand of acid (10)
Scrolls
 j - a scroll of remove curse
Potions
 f - a potion of brilliance
 g - a potion of ambrosia
 m - a potion of lignification {unknown}
Comestibles
 d - 3 rations


   Skills:
 * Level 5.0 Fighting
 * Level 5.5 Maces & Flails
 + Level 3.3 Dodging
 + Level 3.4 Shields


You had 5 spell levels left.
You didn't know any spells.
Your spell library was empty.

Dungeon Overview and Level Annotations

Branches:
Dungeon (4/15)
 Temple: D:4-7

Altars:
Fedhas
Makhleb
Nemelex Xobeh
Sif Muna
Vehumet

Annotations:
D:4 Borgoz's ghost, amateur KoBe


Innate Abilities, Weirdness & Mutations

You cannot wear most types of armour.
You are very stealthy in the water. (Stealth+)
You are amphibious.
You can wear up to eight rings at the same time.
You can use your tentacles to constrict eight enemies at once.
Your skin changes colour to match your surroundings (Stealth+).
Your rubbery body absorbs attacks. (AC +1, EV +1)


Message History

The jackal closely misses you.
You see here a jackal corpse.
You block the jackal's attack. The jackal barely misses you.
The jackal bites you.
* * * LOW HITPOINT WARNING * * *
The jackal closely misses you.
You see here a +0 spear.
There is a stone staircase leading up, spattered with blood here.
You see here a +0 flail.
The jackal barely misses you.
The goblin zaps a wand.
You block the puff of flame. You block the jackal's attack.
You climb upwards.
There is a stone staircase leading down here.
You barely miss the goblin. Your grab misses the goblin. The jackal bites you.
* * * LOW HITPOINT WARNING * * *
The goblin zaps a wand.
The puff of flame hits you!
* * * LOW HITPOINT WARNING * * *
The jackal misses you.
You feel better.
The goblin zaps a wand.
The puff of flame hits you!
You die...

'#.#..............#
.#.#.############.##
.#.#.#.............#
.#.#.#.#############
...#.#.#.........#
.###...#.#######.#
.......#.# #.#
.##†#..#.#######g#
...............h@#
.##......#########
.######### .# .# .#
.# .# .#


You could see a jackal and a goblin.

Vanquished Creatures
  An ogre (D:4)
  A big kobold (D:4)
  Terence (D:2)
  An orc wizard (D:4)
  A worker ant (D:4)
  A worker ant zombie (D:4)
  Robin (D:2)
  4 gnolls (D:4)
  4 adders
  3 worms
  2 dart slugs (D:3)
  2 leopard geckos
  6 orcs
  3 giant cockroaches (D:3)
  16 goblins
  6 hobgoblins
  5 jackals (D:4)
  A quokka (D:4)
  A ball python (D:2)
  11 bats
  3 frilled lizards
  9 kobolds
  3 rats
86 creatures vanquished.

Notes
Turn   | Place    | Note
-------+----------+-------------------------------------------
     0 | D:1      | Ijustatesigmund the Octopode Fighter began the quest for
                  | the Orb.
     0 | D:1      | Reached XP level 1. HP: 16/16 MP: 1/1
   288 | D:1      | Reached XP level 2. HP: 21/21 MP: 2/2
   578 | D:2      | Reached XP level 3. HP: 12/26 MP: 3/3
   829 | D:2      | Noticed Terence
   836 | D:2      | Killed Terence
   836 | D:2      | Reached XP level 4. HP: 15/32 MP: 4/4
  1164 | D:2      | Found a burning altar of Makhleb.
  1165 | D:2      | Noticed Robin
  1183 | D:2      | Killed Robin
  1512 | D:2      | You fall through a shaft for 2 floors!
  1525 | D:4      | Found a radiant altar of Vehumet.
  1594 | D:4      | Reached XP level 5. HP: 37/37 MP: 5/5
  2537 | D:3      | Found a blossoming altar of Fedhas.
  2685 | D:3      | Found a deep blue altar of Sif Muna.
  2784 | D:3      | Reached skill level 5 in Maces & Flails
  2854 | D:4      | Noticed an ogre
  2858 | D:4      | Reached XP level 6. HP: 40/44 MP: 6/6
  3033 | D:4      | Found a runed translucent gate.
  3035 | D:4      | Found a runed translucent gate.
  3035 | D:4      | Found a runed translucent gate.
  3037 | D:4      | Noticed Borgoz's ghost (amateur KoBe)
  3048 | D:4      | Reached skill level 5 in Fighting
  3099 | D:4      | Found a sparkling altar of Nemelex Xobeh.
  3126 | D:3      | HP: 1/45 [goblin/puff of flame (11)]
  3127 | D:3      | Killed from afar by a goblin

Levels and vault maps discovered:
D:1:      lemuel_arrival_hallway, layout_loops_ring
D:2:      layout_basic, lemuel_crystal_altar, serial_curves, eino_curves_04,
          eino_curves_03, uniq_terence, uniq_robin
D:3:      layout_basic, fedhas_altar_4, nicolae_overflow_crystal_walls
D:4:      layout_loops_ring, nemelex_xobeh_ov_fountains_minmay,
          gammafunk_ghost_necromancy, vehumet_altar_wand_db

Skill      XL: |  1  2  3  4  5  6 |
---------------+-------------------+-----
Maces & Flails | 3 4 5 |  5.5
Fighting       | 4 5 |  5.0
Dodging        | |  3.3
Shields        | |  3.4

Action                   |  1- 3 |  4- 6 || total
-------------------------+-------+-------++-------
Melee: Flail             |    42 |   155 ||   197
       Constrict         |    12 |    42 ||    54
       Tentacles         |    15 |    21 ||    36
  Use: Scroll            |       |    10 ||    10
       Potion            |       |     6 ||     6
 Stab: Sleeping          |     5 |     4 ||     9
  Eat: Chunk             |       |     3 ||     3
       Ration            |       |     1 ||     1
Armor: Skin              |     2 |    10 ||    12
Dodge: Dodged            |    11 |    72 ||    83
Block: Shield            |    15 |    77 ||    92

Table legend:
 A = Non-vault XP
 B = Vault XP
 C = Vault XP percentage of total XP
 D = Non-vault monster count
 E = Vault monster count
 F = Vault count percentage of total count
                 A         B        C        D         E       F
            +---------+---------+-------+---------+---------+-------
      Total |     526 |      89 |  14.5 |      72 |      14 |  16.3
            +---------+---------+-------+---------+---------+-------
        D:1 |      13 |       0 |   0.0 |       9 |       0 |   0.0
        D:2 |      72 |      72 |  50.0 |      21 |      13 |  38.2
        D:3 |      64 |       0 |   0.0 |      24 |       0 |   0.0
        D:4 |     377 |      17 |   4.3 |      18 |       1 |   5.3
            +---------+---------+-------+---------+---------+-------
